cohdb
Replays
Latest Replays
All Replays
Popular Replays
Top Player Replays
Match Explorer
How It Works
Community
CoH3 Stats
Reddit
Sign in to upload your games and track your stats! →
Sign in with Steam
Match 37974085
Unlisted
Match 37974085
Overview
Messages
Build Orders
End
Selects Italian Combined Arms Battlegroup
Selects Bersaglieri Squad
Bersaglieri Squad
250 Light Carrier
Bersaglieri Squad
Bersaglieri Squad
Construct Light Support Kompanie
Fire Support Elements
Selects Bersaglieri Bolster
Flakvierling Half-track
Vehicle Survival Package
Selects Breda Model 30 Light Machine Guns
le.IG 18 Mechanized Group
Veteran Squad Leaders
Construct Mechanized Kompanie
254 Reconnaissance Tractor
StuG III D Assault Gun
Assault Mechanized Group
Construct Panzerarmee Kommand
Selects Semovente da 75/18 Assault Gun
Selects Strafing Run
Selects Artillery Cover
Emergency Repair Kits
Armored Reserves
Panzer IV Assault Group
Strafing Run
Rapid Advance
Combat Half-tracks
Tungsten Core Ammunition
Strafing Run
Tiger Heavy Tank
AI Takeover
Kwarzym
DaPopeCOH
Görmann Hering [Ger]
STALKER4732
kit.ohume
Devochkin
0
0
Comments
sign in to comment!
No comments posted yet!